 Dungeon Crawl Stone Soup version bcrawl-1.14.1-2-g116eac945c (webtiles) character file.

Game seed: 16648513418613242724

40 Anmu the Conjurer (level 3, -1/21 HPs)
             Began as a Fairy Conjurer on Sept 19, 2019.
             Slain by a gnoll (2 damage)
             ... on level 2 of the Dungeon.
             The game lasted 00:01:34 (859 turns).

Anmu the Conjurer (Fairy Conjurer)                   Turns: 859, Time: 00:01:35

Health: -1/21      AC:  4    Str:  6    XL:     3   Next: 50%
Magic:  9/9        EV: 17    Int: 19    God:
Gold:   104        SH:  4    Dex: 12    Spells: 6/7 levels left

rFire    . . .     SeeInvis .   (weapon restricted)
rCold    . . .     Gourm    .   (shield restricted)
rNeg     . . .     Faith    .   (armour unavailable)
rPois    +         Spirit   .   (no helmet)
rElec    .         Reflect  .   (no cloak)
rCorr    .         Harm     .   (no gloves)
MR       .....                  (no boots)
Stlth    +.........             (no amulet)
HPRegen  0.07/turn              a - ring of poison resistance
MPRegen  0.11/turn              (no ring)

@: flying evasively, very slightly contaminated
A: small, magic attunement, unstealthy, unfitting armour, able to fly, AC/SH +4
a: Stop Flying


You were on level 2 of the Dungeon.
You were not hungry.

You visited 1 branch of the dungeon, and saw 2 of its levels.

You collected 104 gold pieces.

Inventory:

Jewellery
 a - a ring of poison resistance (left hand)
Scrolls
 c - a scroll of remove curse {unknown}
 d - 3 scrolls of enchant weapon {unknown}
 e - a scroll of noise {unknown}
 f - a scroll of teleportation {unknown}
Comestibles
 b - 5 rations {!d}


   Skills:
 * Level 3.4 Dodging
 + Level 1.6 Stealth
 + Level 2.9 Spellcasting
 + Level 5.7 Conjurations


You had 6 spell levels left.
You knew the following spells:

 Your Spells              Type           Power        Failure   Level  Hunger
a - Magic Dart            Conj           ###.         1%          1    None

Your spell library contained the following spells:

 Spells                   Type           Power        Failure   Level  Hunger
 Searing Ray              Conj           ###...       2%          2    None
 Iskenderun's Mystic Bla  Conj           ###.....     4%          3    None
 Fulminant Prism          Conj/Hex       ##........   43%         4    None
 Irradiate                Conj/Tmut      ##........   78%         5    None


Dungeon Overview and Level Annotations

Branches:
Dungeon (2/12)

Altars:


Innate Abilities, Weirdness & Mutations

Your spells do not cause hunger and MP costs are reduced by 1.
Your bright wings attract enemies. (Stealth-)
You cannot fit into any form of body armour.
Your shimmering scales are hard and can block incoming attacks. (AC +4, SH +4)
You are small and have problems with some larger weapons.
You can fly continuously.


Message History

You are very lightly contaminated with residual magic.
You are momentarily dazzled by a flash of light!
Casting: Magic Dart (safe; 1% risk of failure)
Confirm with . or Enter, or press ? or * to list all spells.
Aiming: Magic Dart (safe; 1% risk of failure)
Press: ? - help, Shift-Dir - straight line, f/p - gnoll
Aim: a gnoll The magic dart hits the gnoll.
The gnoll closely misses you.
The gnoll hits you from afar with a +0 halberd!
Ouch! That really hurt!
* * * LOW HITPOINT WARNING * * *
Casting: Magic Dart (safe; 1% risk of failure)
Confirm with . or Enter, or press ? or * to list all spells.
Aiming: Magic Dart (safe; 1% risk of failure)
Press: ? - help, Shift-Dir - straight line, f/p - gnoll
Aim: a gnoll The magic dart hits the gnoll.
The gnoll is moderately wounded.
The gnoll hits you.
You die...

.# .# ##.## #...
#..# #..######
#.ggr....
###@#############
#...............#
#####.#########.#
#.# #.# #.# #.#
#.# #.# #.# #.#
### #.# #.#


You could see 2 gnolls and a rat.

Vanquished Creatures
  A gnoll (D:2)
  A dart slug (D:1)
  2 leopard geckos (D:1)
  2 goblins (D:1)
  4 hobgoblins
  3 kobolds
  2 quokkas
  A ball python (D:1)
  4 bats (D:1)
  3 frilled lizards (D:1)
  2 rats (D:1)
25 creatures vanquished.

Notes
Turn   | Place    | Note
-------+----------+-------------------------------------------
     0 | D:1      | Anmu the Fairy Conjurer began the quest for the Orb.
     0 | D:1      | Reached XP level 1. HP: 11/11 MP: 6/6
    51 | D:1      | Reached skill level 5 in Conjurations
    82 | D:1      | Reached XP level 2. HP: 17/17 MP: 7/7
   465 | D:1      | Reached XP level 3. HP: 21/21 MP: 9/9
   858 | D:2      | HP: 1/21 [gnoll/+0 halberd (13)]
   859 | D:2      | Slain by a gnoll

Skill      XL: |  1  2 |
---------------+-------+-----
Conjurations   | 5 |  5.7
Dodging        | 3 |  3.4
Stealth        | |  1.6
Spellcasting   | |  2.9

Action                   || total
-------------------------++-------
 Cast: Magic Dart        ||    60
Armor: Skin              ||     1
Dodge: Dodged            ||    12
Block: Other             ||     1
